 Dungeon Crawl Stone Soup version 0.30.1-3-gfc49f6343a (webtiles) character file.

Game seed: 6078949354980322196

47 croobank the Caller (level 3, -2/15 HPs)
             Began as a Felid Summoner on Aug 7, 2023.
             Killed from afar by Ijyb (17 damage)
             ... with an iceblast
             ... on level 3 of the Dungeon.
             The game lasted 00:11:56 (3016 turns).

croobank the Caller (Felid Summoner)                Turns: 3016, Time: 00:11:56

Health: -2/15      AC:  1    Str:  4    XL:     3   Next: 48%
Magic:  3/8        EV: 18    Int: 18    God:
Gold:   118        SH:  0    Dex: 16    Spells: 1/7 levels left
                                        Lives:  0   Deaths: 1

rFire   . . .        (weapon unavailable)
rCold   . . .        (shield unavailable)
rNeg    . . .        (body armour unavailable)
rPois   .            (helmet unavailable)
rElec   .            (cloak unavailable)
rCorr   .            (gloves unavailable)
SInv    +            (boots unavailable)
Will    .....        (no amulet)
Stlth   ++           (no ring)
HPRegen 0.22/turn    (no ring)
MPRegen 0.11/turn

%: no passive effects
@: quick
A: very small, claws 1, fangs 3, see invisible, speed 1, shaggy fur 1, stealthy
paws, no weapons or thrown items, no armour, multi-lived
a: no special abilities


You were on level 3 of the Dungeon.
You visited 1 branch of the dungeon, and saw 3 of its levels.

You collected 118 gold pieces.

Inventory:

Jewellery
 r - an amulet of faith
Wands
 o - a wand of quicksilver (9)
Scrolls
 b - a scroll of teleportation {unknown}
 d - 2 scrolls of enchant weapon {unknown}
 g - 2 scrolls of enchant armour
 i - a scroll of immolation {unknown}
 j - a scroll of blinking {unknown}
 k - a scroll of magic mapping {unknown}
 l - 2 scrolls of amnesia
 p - a scroll of fog {unknown}
 q - a scroll of acquirement {unknown}
Potions
 a - a potion of magic
 f - 3 potions of attraction
 h - a potion of heal wounds {unknown}
 m - 2 potions of ambrosia {unknown}
 n - a potion of curing {unknown}


   Skills:
 + Level 1.1 Fighting
 + Level 3.8 Dodging
 - Level 3.4 Stealth
 + Level 2.6 Spellcasting
 + Level 0.5 Hexes
 + Level 4.5 Summonings


You had one spell level left.
You knew the following spells:

 Your Spells              Type           Power      Damage    Failure   Level
a - Summon Small Mammal   Summ           72%        N/A       2%          1
b - Call Imp              Summ           36%        N/A       4%          2
c - Call Canine Familiar  Summ           18%        N/A       8%          3

Your spell library contained the following spells:

 Spells                   Type           Power      Damage    Failure   Level
 Summon Guardian Golem    Hex/Summ       11%        N/A       19%         3
 Summon Lightning Spire   Summ/Air       10%        N/A       54%         4
 Summon Forest            Summ/Tloc      5%         N/A       88%         5
 Eringya's Noxious Bog    Tmut/Pois      1%         N/A       100%        6
 Summon Hydra             Summ           9%         N/A       100%        7


Dungeon Overview and Level Annotations

Branches:
Dungeon (3/15)

Altars:
Hepliaklqana
Okawaru

Annotations:
D:3 Ijyb


Innate Abilities, Weirdness & Mutations

You have sharp claws.
You have razor-sharp teeth.
You have supernaturally acute eyesight. (SInv)
You cover ground quickly. (Speed+)
You are covered in fur. (AC +1)
Your paws help you pounce on unaware monsters.
You are incapable of wielding weapons or throwing items.
You cannot wear armour.
You gain extra lives every three experience levels.


Message History

Confirm with . or Enter, or press ? or * to list all spells.
A tiny devil pulls itself out of the air.
Casting: Call Imp (safe; 4% risk of failure)
Confirm with . or Enter, or press ? or * to list all spells.
Your cerulean imp hits Ijyb but does no damage.
You swap places.
Ijyb zaps a wand.
The mass of ice explodes!
The iceblast engulfs your hound! The iceblast engulfs your cerulean imp!
Your cerulean imp dies!
Your cerulean imp disappears in a puff of smoke!
Casting: Summon Small Mammal (safe; 2% risk of failure)
Confirm with . or Enter, or press ? or * to list all spells.
Okay, then.
Ijyb hits your hound with a +0 dagger.
Your hound dies!
Your hound's corpse disappears in a puff of smoke!
Casting: Summon Small Mammal (safe; 2% risk of failure)
Confirm with . or Enter, or press ? or * to list all spells.
Your quokka barely misses Ijyb.
Casting: Summon Small Mammal (safe; 2% risk of failure)
Confirm with . or Enter, or press ? or * to list all spells.
You don't have enough magic to cast this spell.
Your quokka bites Ijyb.
Ijyb hits your quokka with a +0 dagger.
Your quokka bites Ijyb.
Your quokka bites Ijyb.
Ijyb screams, "I cut your head off!"
Your quokka barely misses Ijyb.
Magic courses through your body.
Your quokka bites Ijyb.
Casting: Summon Small Mammal (safe; 2% risk of failure)
Confirm with . or Enter, or press ? or * to list all spells.
Your quokka bites Ijyb but does no damage.
Casting: Call Canine Familiar (extremely dangerous; 8% risk of failure)
Confirm with . or Enter, or press ? or * to list all spells.
A tiny devil pulls itself out of the air.
Your quokka closely misses Ijyb.
Ijyb zaps a wand.
The mass of ice explodes!
The iceblast engulfs your hound!!
Your hound dies!
Your hound's corpse disappears in a puff of smoke!
The iceblast engulfs you!
Ouch! That really hurt!
You die...

#........#####.#.##.#..
#!.......##[...#.......
#........#..##.........
#....rr...........#...#
#.....g..###..###.....#
######.#......._......#
#.#..)...........#
#ยง#5.............#
#@..###......#...#
###..........+.(.#
#.......!..#
#.###..###.+
#..........#
...#........# #
#........# #....##..#
..........#


You could see Ijyb (ally target), a friendly cerulean imp (summoned) and 2
friendly quokkas.

Vanquished Creatures
  A dart slug (D:1)
  3 ball pythons (D:1)
  4 endoplasms
  A giant cockroach (D:3)
  A goblin (D:3)
  2 hobgoblins
  2 quokkas
  5 bats
  3 frilled lizards (D:3)
  A rat (D:3)
23 creatures vanquished.

Vanquished Creatures (collateral kills)
  A nameless horror (D:2)
  2 adders
  A worm (D:3)
  2 dart slugs (D:1)
  An orc (D:3)
  2 bats (D:1)
  6 endoplasms
  2 giant cockroaches
  3 goblins
  2 hobgoblins (D:1)
  2 jackals (D:1)
  A quokka (D:1)
  3 ball pythons (D:3)
  A frilled lizard (D:2)
  5 kobolds
  3 rats
37 creatures vanquished.

Grand Total: 60 creatures vanquished

Notes
Turn   | Place    | Note
-------+----------+-------------------------------------------
     0 | D:1      | croobank the Felid Summoner began the quest for the Orb.
     0 | D:1      | Reached XP level 1. HP: 7/7 MP: 4/4
   124 | D:1      | Reached XP level 2. HP: 11/11 MP: 3/6
   290 | D:1      | Learned a level 2 spell: Call Imp
   612 | D:1      | Reached XP level 3. HP: 14/14 MP: 3/7
   616 | D:1      | Learned a level 3 spell: Call Canine Familiar
  1419 | D:2      | Noticed a nameless horror
  1512 | D:2      | Killed a nameless horror
  2039 | D:3      | Reached XP level 4. HP: 14/18 MP: 3/8
  2204 | D:3      | Found a hazy altar of Hepliaklqana.
  2405 | D:3      | Reached skill level 1 in Fighting
  2504 | D:3      | Found an iron altar of Okawaru.
  2581 | D:3      | Noticed Ijyb
  2590 | D:3      | Killed from afar by Ijyb
  2591 | D:3      | Reached XP level 3. HP: -5/15 MP: 2/7
  2840 | D:3      | Found a faded altar of an unknown god.
  3016 | D:3      | Killed from afar by Ijyb

Illustrated notes

Levels and vault maps discovered:
D:1:      giann_bridges, layout_basic, minivault_14
D:2:      layout_basic
D:3:      minmay_skewed_foursquare, layout_basic,
          nicolae_hepliaklqana_hazy_memory, mainiacjoe_overflow_tiny_flanked,
          hellmonk_ecumenical_altar_lost_god, uniq_ijyb

Skill      XL: |  1  2  3  4 |
---------------+-------------+-----
Stealth        | 3 |  3.4
Dodging        | 3 |  3.8
Fighting       | 1 |  1.1
Spellcasting   | |  2.6
Hexes          | |  0.5
Summonings     | |  4.5

Action                     |  1- 3 |  4- 6 || total
---------------------------+-------+-------++-------
  Melee: Unarmed           |    63 |     5 ||    68
         Bite              |     4 |       ||     4
   Cast: Summon Small Mamm |    42 |     2 ||    44
         Call Imp          |    22 |     4 ||    26
         Call Canine Famil |    14 |     5 ||    19
    Use: Scroll            |     4 |       ||     4
         Potion            |     1 |       ||     1
   Stab: Sleeping          |     5 |     4 ||     9
         Distracted        |     1 |       ||     1
 Armour: Skin              |     7 |     1 ||     8
  Dodge: Dodged            |    61 |     5 ||    66
